 Dungeon Crawl Stone Soup version 0.29-a0-341-g24ffce5b50 (webtiles) character file.

Game seed: 2678689112887203386

2011 snetch the Thaumaturge (level 9, -9/56 HPs)
             Began as a Djinni Fire Elementalist on Apr 19, 2022.
             Was a Follower of Makhleb.
             Mangled by an orc knight
             ... wielding a +0 battleaxe
              (32 damage)
             ... in a bailey on Apr 20, 2022.
             The game lasted 00:23:10 (8048 turns).

snetch the Thaumaturge (Djinni Fire Elementalist)   Turns: 8048, Time: 00:23:10

Health: -9/56      AC:  8    Str: 13    XL:     9   Next: 46%
Gold:   292        EV: 11    Int: 21    God:    Makhleb [*.....] SH:  3 Dex: 14

rFire   + + .      SeeInvis .   a - +0 flail
rCold   x . .      Faith    .   O - +0 buckler
rNeg    . . .      Spirit   .   B - +0 ring mail
rPois   ∞          Reflect  .   y - +1 hat
rElec   .          Harm     .   (no cloak)
rCorr   .          Rampage  .   P - +0 pair of gloves
Will    .....                   (boots unavailable)
Stlth   ++........              (no amulet)
HPRegen 0.18/turn               J - +6 ring of strength
MPRegen 0.00/turn               (no ring)

@: flying
A: sickness immunity, fire resistance 2, cold vulnerability 1, float, innate
caster, HP casting, extra vitality 1
a: Renounce Religion


You were in a bailey.
You worshipped Makhleb.
Makhleb was aware of your devotion.
You visited 2 branches of the dungeon, and saw 8 of its levels.
You also visited: Bailey.

You collected 292 gold pieces.

Inventory:

Hand Weapons
 a - a +0 flail (weapon)
 K - a +2 dagger of draining
 R - the +8 dagger of the Kissing Firefly {vorpal, rF+++ rC- Dex-3 SInv}
   (You found it on level 6 of the Dungeon)

   It inflicts extra damage upon your enemies.
   Dex:       It affects your dexterity (-3).
   rF:        It renders you almost immune to fire.
   rC:        It makes you vulnerable to cold.
   SInv:      It lets you see invisible.
 T - a +0 morningstar
 U - a +0 war axe
Missiles
 k - 196 stones
 t - a throwing net
 u - 6 poisoned darts
 C - 5 silver javelins
 G - 19 boomerangs
Armour
 y - a +1 hat (worn)
 B - a +0 ring mail (worn)
 O - a +0 buckler (worn)
 P - a +0 pair of gloves (worn)
Jewellery
 J - a +6 ring of strength (left hand)
 M - a ring of ice
Wands
 N - a wand of polymorph (9)
Scrolls
 c - a scroll of torment {unknown}
 f - 2 scrolls of enchant armour {unknown}
 g - 3 scrolls of vulnerability {unknown}
 h - 4 scrolls of identify {unknown}
 i - 3 scrolls of blinking {unknown}
 m - 2 scrolls of amnesia {unknown}
 w - a scroll of fog {unknown}
 x - 3 scrolls of fear {unknown}
 A - 3 scrolls of teleportation {unknown}
 F - a scroll of acquirement {unknown}
 H - 2 scrolls of immolation {unknown}
 L - a scroll of brand weapon {unknown}
 S - a scroll of magic mapping {unknown}
Potions
 b - a potion of brilliance {unknown}
 e - 4 potions of heal wounds {unknown}
 j - 2 potions of degeneration {unknown}
 l - 4 potions of flight {unknown}
 n - 2 potions of resistance {unknown}
 o - a potion of might {unknown}
 p - 4 potions of curing {unknown}
 r - a potion of haste {unknown}
 v - 2 potions of attraction {unknown}
 D - 2 potions of mutation {unknown}
 I - a potion of ambrosia {unknown}
 Q - a potion of magic {unknown}


   Skills:
 + Level 0.6 Fighting
 + Level 4.6 Armour
 + Level 3.9 Dodging
 + Level 2.7 Stealth
 + Level 0.1 Shields
 + Level 8.0 Spellcasting


You had one spell level left.
You knew the following spells:

 Your Spells              Type           Power      Damage    Failure   Level
a - Foxfire               Conj/Fire      100%       2x1d9     1%          1
b - Scorch                Fire           84%        2d9       1%          2
c - Conjure Flame         Conj/Fire      42%        6-21      2%          3
d - Inner Flame           Hex/Fire       42%        N/A       2%          3
e - Flame Wave            Conj/Fire      42%        2d9       9%          4
f - Pain                  Necr           100%       1d9       1%          1
g - Poisonous Vapours     Pois/Air       84%        N/A       1%          2
h - Tukima's Dance        Hex            42%        N/A       2%          3
i - Hailstorm             Conj/Ice       42%        3d10      9%          4
Your spell library was empty.

Dungeon Overview and Level Annotations

Branches:
Dungeon (7/15)             Temple (1/1) D:6          Bailey (1/1)

Altars:
Ashenzari
Dithmenos
Elyvilon
Fedhas
Gozag
Hepliaklqana
Kikubaaqudgha
Makhleb
Nemelex Xobeh
Okawaru
Qazlal
Ru
Sif Muna
Trog
Uskayaw
Vehumet
Wu Jian
Xom
Yredelemnul
Zin
The Shining One


Innate Abilities, Weirdness & Mutations

You are immune to sickness and miasma.
You are immune to poison.
Your flesh is very heat resistant. (rF++)
You are vulnerable to cold. (rC-)
You float through the air rather than walking.
You learn spells naturally, not from books.
Your magical power is your life essence.
You have superior vitality. (+4 MHP)


Message History

Casting: Poisonous Vapours (safe; 1% risk of failure)
Confirm with . or Enter, or press ? or * to list all spells.
Aiming: Poisonous Vapours (safe; 1% risk of failure)
Press: ? - help, Dir - move target, f/p - hobgoblin
Aim: a hobgoblin, wielding a +0 hand axe and wearing a +0 leather armour (severely wounded, extremely poisoned) Poisonous vapours surround the hobgoblin!
The hobgoblin looks as sick as possible!
You kill the hobgoblin!
Makhleb accepts your kill.
Casting: Poisonous Vapours (safe; 1% risk of failure)
Confirm with . or Enter, or press ? or * to list all spells.
Aiming: Poisonous Vapours (safe; 1% risk of failure)
Press: ? - help, Dir - move target, f - orc knight
Aim: an orc knight, wielding a +0 battleaxe and wearing a +0 chain mail (lightly wounded, extremely poisoned) Poisonous vapours surround the orc knight!
The orc knight looks as sick as possible!
A kobold comes into view.
Casting: Poisonous Vapours (safe; 1% risk of failure)
Confirm with . or Enter, or press ? or * to list all spells.
Flames lash the orc knight but do no damage.
Casting: Scorch (safe; 1% risk of failure)
Confirm with . or Enter, or press ? or * to list all spells.
Flames lash the orc knight.
The orc knight is lightly wounded.
The orc knight's fire resistance burns away.
Casting: Scorch (safe; 1% risk of failure)
Confirm with . or Enter, or press ? or * to list all spells.
Flames lash the orc knight.
The orc knight is burned terribly!
The orc knight is moderately wounded.
The orc knight hits you with a +0 battleaxe!
Casting: Scorch (safe; 1% risk of failure)
Confirm with . or Enter, or press ? or * to list all spells.
Aiming: Poisonous Vapours (safe; 1% risk of failure)
Press: ? - help, Dir - move target, f/p - orc knight
Aim: an orc knight, wielding a +0 battleaxe and wearing a +0 chain mail (moderately wounded, extremely poisoned, more vulnerable to fire) Poisonous vapours surround the orc knight!
The orc knight looks as sick as possible!
The orc knight hits you with a +0 battleaxe!!
Ouch! That really hurt!
You die...

♣♣≈≈≈≈≈≈≈....∩....≈≈≈≈
♣♣≈≈≈#####.........####
♣≈≈≈##...##..†....##...
♣≈≈##.....##..†..##....
♣≈##...8...##'''##...8.
♣##...........)[.......
#...............).....
#..8..8.............8.
#....@................
##...o..####...####...
##....##≈≈#####≈≈##..
##...#≈[!8o..8?)≈ ..
###K#≈.........≈# #
≈.#≈..8...8..≈#
≈.##.........# ≈≈.#


You could see an orc knight (extremely poisoned, combustible) and a kobold.

Vanquished Creatures
  Eustachio (D:6)
  A black bear (D:5)
  4 ice beasts
  2 sky beasts
  2 ogres
  A phantom (D:4)
  A necrophage (D:4)
  4 scorpions
  A howler monkey (D:5)
  4 hounds
  4 iguanas
  6 orc wizards
  12 adders
  4 gnolls
  2 ufetubi (D:5)
  4 worms
  8 dart slugs
  19 orcs
  4 ball pythons
  3 bats
  4 endoplasms
  5 giant cockroaches
  9 goblins
  9 hobgoblins
  4 jackals (D:1)
  3 quokkas
  5 frilled lizards
  18 kobolds
  A rat (D:2)
145 creatures vanquished.

Vanquished Creatures (others)
  362 foxfires
362 creatures vanquished.

Grand Total: 507 creatures vanquished

Notes
Turn   | Place    | Note
-------+----------+-------------------------------------------
     0 | D:1      | snetch the Djinni Fire Elementalist began the quest for the
                  | Orb.
     0 | D:1      | Reached XP level 1. HP: 15/15 MP: 0/0
   256 | D:1      | Reached XP level 2. HP: 19/21 MP: 0/0
   307 | D:1      | Reached skill level 3 in Spellcasting
   700 | D:1      | Reached XP level 3. HP: 23/25 MP: 0/0
   700 | D:1      | Learned a level 1 spell: Pain
  1430 | D:2      | Found an ornate altar of the Wu Jian Council.
  1532 | D:2      | Reached XP level 4. HP: 30/31 MP: 0/0
  1997 | D:2      | Reached skill level 1 in Armour
  2168 | D:2      | Reached XP level 5. HP: 28/35 MP: 0/0
  2168 | D:2      | Learned a level 2 spell: Poisonous Vapours
  3027 | D:3      | Reached skill level 4 in Spellcasting
  3377 | D:3      | Reached XP level 6. HP: 31/40 MP: 0/0
  3974 | D:5      | Entered Level 5 of the Dungeon
  3974 | D:5      | Noticed an ice beast
  3984 | D:4      | Reached skill level 5 in Spellcasting
  3984 | D:4      | Reached XP level 7. HP: 14/45 MP: 0/0
  3984 | D:4      | Learned a level 3 spell: Tukima's Dance
  4948 | D:4      | Reached XP level 8. HP: 36/50 MP: 0/0
  5160 | D:4      | Reached skill level 6 in Spellcasting
  6225 | D:5      | Reached skill level 7 in Spellcasting
  6499 | D:6      | Reached XP level 9. HP: 51/55 MP: 0/0
  6499 | D:6      | Learned a level 4 spell: Hailstorm
  6500 | D:6      | Upgraded the game from 0.29-a0-340-g6efceafd81 to
                  | 0.29-a0-341-g24ffce5b50
  6584 | D:6      | Found a staircase to the Ecumenical Temple.
  6593 | Temple   | Entered the Ecumenical Temple
  6962 | Temple   | Became a worshipper of Makhleb the Destroyer
  7004 | D:6      | Identified the +8 dagger of the Kissing Firefly {vorpal,
                  | rF+++ rC- Dex-3 SInv}
  7575 | D:6      | Noticed Eustachio
  7591 | D:6      | Killed Eustachio
  7768 | D:7      | Reached skill level 8 in Spellcasting
  7801 | D:7      | Found a flagged portal.
  7818 | Bailey   | Entered a bailey
  7937 | Bailey   | Reached * piety under Makhleb
  7985 | Bailey   | Noticed an orc warlord
  7985 | Bailey   | Found the +3 Elemental Staff {rElec rF++ rC++ AC+5}
  8039 | Bailey   | Noticed an orc knight
  8048 | Bailey   | Mangled by an orc knight

Illustrated notes

Levels and vault maps discovered:
D:1:      doesnt_arrival_eight_statues, layout_basic, roderic_serpentine_path
D:2:      layout_basic, basic_altar, hangedman_feature_mirror,
          minmay_close_crescents
D:3:      layout_rooms, minmay_pentangle
D:4:      layout_basic
D:5:      layout_rooms
D:6:      layout_layer_cave, temple_pool_b, uniq_eustachio
D:7:      layout_cave_pools, enter_bailey_2
Temple:   mainiacjoe_temple_circle_huts
Bailey:   bailey_axe_bossmonster_kennysheep, bailey

Skill      XL: |  1  2  3  4  5  6  7  8  9 |
---------------+----------------------------+-----
Spellcasting   | 3 4 5 7 8 |  8.0
Armour         | 1 2 3 4 |  4.6
Stealth        | 2 |  2.7
Dodging        | 3 |  3.9
Fighting       | |  0.6
Shields        | |  0.1

Action                   |  1- 3 |  4- 6 |  7- 9 || total
-------------------------+-------+-------+-------++-------
Melee: Dagger            |       |     5 |       ||     5
       Flail             |       |       |    23 ||    23
       Punch             |       |       |     1 ||     1
 Cast: Foxfire           |    56 |    45 |   109 ||   210
       Scorch            |     1 |    26 |    44 ||    71
       Poisonous Vapours |       |    18 |    25 ||    43
 Stab: Sleeping          |       |       |     1 ||     1
Armor: Leather armour    |     4 |     5 |     2 ||    11
       Ring mail         |       |       |    53 ||    53
Dodge: Dodged            |     4 |    15 |    63 ||    82
Block: Buckler           |       |       |     2 ||     2

Table legend: (Time is in decaauts)
 A = Elapsed time spent in this place.
 B = Non-inter-level travel time spent in this place.
 C = Inter-level travel time spent in this place.
 D = Time resting spent in this place.
 E = Time spent auto-exploring this place.
 F = Levels seen in this place.
 G = Mean time per level.
                   A        B        C        D        E       F      G
               +--------+--------+--------+--------+--------+-----+--------+
         Total |   8070 |   7911 |    159 |    399 |   5950 |   9 |  896.7 |
       Dungeon |   7447 |   7308 |    139 |    399 |   5569 |   7 | 1063.9 |
        Temple |    390 |    370 |     20 |      0 |    277 |   1 |  390.0 |
        Bailey |    231 |    231 |      0 |      0 |    104 |   1 |  231.0 |
               +--------+--------+--------+--------+--------+-----+--------+

Top non-repeatable levels by time:
     D:2: 1692 daAuts
     D:4: 1547 daAuts
     D:1: 1282 daAuts
     D:6: 958 daAuts
     D:3: 948 daAuts
     D:5: 920 daAuts
  Temple: 390 daAuts
  Bailey: 231 daAuts
     D:7: 97 daAuts
